 Dungeon Crawl Stone Soup version 0.27.1-15-g792fb953b9 (webtiles) character file.

Game seed: 10438681854374615073

13162 Vyran the Protected (level 11, -11/101 HPs)
             Began as a Minotaur Fighter on Nov 18, 2021.
             Was a Priest of Qazlal.
             Killed from afar by an ironbound frostheart (13 damage)
             ... by creeping frost
             ... in an ice cave.
             The game lasted 01:27:44 (11757 turns).

Vyran the Protected (Minotaur Fighter)             Turns: 11757, Time: 01:27:45

Health: -11/101    AC: 17    Str: 29    XL:     11   Next: 72%
Magic:  15/15      EV:  9    Int:  5    God:    Qazlal [***...]
Gold:   326        SH: 18    Dex: 11    Spells: 10/10 levels left

rFire    . . .     SeeInvis .   a - +0 long sword (venom)
rCold    . . .     Faith    .   c - +0 kite shield
rNeg     . . .     Spirit   .   j - +1 scale mail {rPois}
rPois    +         Reflect  .   u - +2 hat
rElec    .         Harm     .   (no cloak)
rCorr    .         Rampage  .   B - +0 pair of gloves
Will     .....                  t - +2 pair of boots {Stlth+}
Stlth    +.........             (no amulet)
HPRegen  0.26/turn              b - ring of poison resistance
MPRegen  0.14/turn              w - +6 ring of strength

@: very slightly contaminated, studying 2 skills, invisible
A: horns 2, retaliatory headbutt
a: Renounce Religion, Upheaval, Elemental Force


You were in an ice cave.
You worshipped Qazlal.
Qazlal was most pleased with you.
You visited 3 branches of the dungeon, and saw 11 of its levels.
You also visited: Sewer and Ice Cave.

You collected 733 gold pieces.
You spent 407 gold pieces at shops.

Inventory:

Hand Weapons
 a - a +0 long sword of venom (weapon)
 i - a +1 dagger of venom
 n - a +2 dagger of holy wrath
 v - a +0 shortbow
 D - a +0 hunting sling
 G - a +1 mace of draining
 U - a +0 falchion
Missiles
 e - 53 poisoned darts
 f - 269 stones
 q - 100 arrows
 x - 8 boomerangs (quivered)
 M - 4 silver javelins
Armour
 c - a +0 kite shield (worn)
 j - a +1 scale mail of poison resistance (worn)
 t - a +2 pair of boots of stealth (worn)
 u - a +2 hat (worn)
 B - a +0 pair of gloves (worn)
 E - the +2 robe of the Poles {Regen+ Str+8 Dex-3}
   (You found it on level 6 of the Dungeon)

   Str:       It affects your strength (+8).
   Dex:       It affects your dexterity (-3).
   Regen:     It increases your rate of health regeneration.
 I - the +3 leather armour "Godaurr" {rPois Will+ Dex+4}
   (You found it on level 6 of the Dungeon)

   Dex:       It affects your dexterity (+4).
   rPois:     It protects you from poison.
   Will:      It increases your willpower.
 R - the +2 scale mail "Ojuriq" {-Cast rCorr SInv Stlth+}
   (You bought it in a shop on level 8 of the Dungeon)

   SInv:      It lets you see invisible.
   -Cast:     It prevents spellcasting.
   rCorr:     It protects you from acid and corrosion.
   Stlth:     It makes you more stealthy.
 Z - a +3 scale mail of cold resistance
Jewellery
 b - a ring of poison resistance (left hand)
 w - a +6 ring of strength (right hand)
Wands
 s - a wand of acid (6)
 A - a wand of mindburst (38)
 J - a wand of charming (8)
 L - a wand of iceblast (14)
 O - a wand of polymorph (7)
Scrolls
 g - 2 scrolls of vulnerability
 h - 2 scrolls of magic mapping
 k - a scroll of amnesia {unknown}
 l - a scroll of noise {unknown}
 m - a scroll of silence {unknown}
 o - a scroll of enchant weapon {unknown}
 p - 2 scrolls of teleportation
 r - 4 scrolls of identify
 y - a scroll of immolation {unknown}
 F - a scroll of fog {unknown}
 H - 2 scrolls of brand weapon
 N - 2 scrolls of summoning {unknown}
 Q - a scroll of blinking {unknown}
 S - 2 scrolls of fear {unknown}
 T - a scroll of enchant armour {unknown}
 V - a scroll of acquirement {unknown}
Potions
 d - 2 potions of might
 C - a potion of brilliance {unknown}
 K - 2 potions of haste {unknown}
 P - a potion of mutation
 W - a potion of curing {unknown}
 X - a potion of magic {unknown}
 Y - 2 potions of degeneration {unknown}


   Skills:
 + Level 10.8 Fighting
 + Level 10.3 Long Blades
 - Level 5.0 Throwing
 + Level 13.0 Armour
 + Level 12.6 Shields
 + Level 6.7 Invocations


You had 10 spell levels left.
You didn't know any spells.
Your spell library contained the following spells:

 Spells                   Type           Power      Damage    Failure   Level
 Foxfire                  Conj/Fire      0%         2x1d4     77%         1
 Shock                    Conj/Air       0%         1d3       77%         1
 Sting                    Tmut/Pois      0%         1d3       77%         1
 Poisonous Vapours        Pois/Air       0%         N/A       88%         2
 Slow                     Hex            0%         N/A       88%         2
 Confusing Touch          Hex            0%         N/A       98%         3
 Conjure Flame            Conj/Fire      0%         6-21      98%         3
 Frozen Ramparts          Ice            0%         1d2       98%         3
 Ignite Poison            Fire/Tmut/Pois 0%         N/A       98%         3
 Inner Flame              Hex/Fire       0%         N/A       98%         3
 Swiftness                Air            0%         N/A       98%         3
 Airstrike                Air            0%         N/A       100%        4
 Animate Dead             Necr           0%         N/A       100%        4
 Ice Form                 Ice/Tmut       0%         N/A       100%        4
 Olgreb's Toxic Radiance  Pois           0%         N/A       100%        4
 Sticky Flame             Conj/Fire      0%         2d3       100%        4
 Summon Ice Beast         Ice/Summ       0%         N/A       100%        4
 Borgnjor's Vile Clutch   Necr/Erth      0%         N/A       100%        5
 Yara's Violent Unravell  Hex/Tmut       0%         3d3       100%        5
 Death Channel            Necr           0%         N/A       100%        6
 Ozocubu's Refrigeration  Ice            0%         4d5       100%        7
 Ignition                 Fire           0%         3d3       100%        8


Dungeon Overview and Level Annotations

Branches:
Dungeon (9/15)             Temple (1/1) D:5            Lair (1/6) D:8
  Sewer (visited)           IceCv (1/1)
    Orc: D:9-12

Altars:
Ashenzari
Cheibriados
Dithmenos
Elyvilon
Fedhas
Gozag
Hepliaklqana
Kikubaaqudgha
Nemelex Xobeh
Okawaru
Qazlal
Ru
Sif Muna
Trog
Uskayaw
Vehumet
Wu Jian
Xom
Yredelemnul
Zin
The Shining One

Shops:
D:4 *   D:8 ([!([


Innate Abilities, Weirdness & Mutations

You have a pair of horns on your head.
You reflexively headbutt those who attack you in melee.


Message History

The ironbound frostheart is poisoned.
The ironbound frostheart calls freezing cold from the walls.
The frost grips you but does no damage.
You are encased in ice.
You barely miss the ironbound frostheart.
The ironbound frostheart is lightly wounded.
A rime drake comes into view.
The ironbound frostheart touches you. The ironbound frostheart freezes you!!
The rime drake hisses angrily.
You hit the ironbound frostheart but do no damage.
The ironbound frostheart looks as sick as possible!
The ironbound frostheart is lightly wounded.
The ice encasing you melts away. The ironbound frostheart touches you.
The ironbound frostheart freezes you!!
An ironbound frostheart comes into view.
You slash the ironbound frostheart!
The ironbound frostheart looks as sick as possible!
Your headbutt misses the ironbound frostheart.
The ironbound frostheart is lightly wounded.
You hear an angry growl.
The ironbound frostheart closely misses you.
You furiously retaliate!
You headbutt the ironbound frostheart! You slash the ironbound frostheart!
The ironbound frostheart looks as sick as possible!
The ironbound frostheart is heavily wounded.
You hear a bellow!
The ironbound frostheart calls freezing cold from the walls.
The frost grips you!
* * * LOW HITPOINT WARNING * * *
You are encased in ice.
You fade into invisibility!
The ironbound frostheart touches you.
* * * LOW HITPOINT WARNING * * *
The ironbound frostheart freezes you!!
* * * LOW HITPOINT WARNING * * *
You are very lightly contaminated with residual magic.
The ice encasing you melts away.
The ironbound frostheart calls freezing cold from the walls.
The frost grips you!
You die...

#.##..#
#.###.#
##.#.##
#....#
##.#.#
###.##
##.#
##.#
#@.#
#.##
#p# ##h
h# p#
##


You could see 2 ironbound frosthearts, a polar bear and a wolf.

Vanquished Creatures
  3 death yaks (IceCv)
  A two-headed ogre (D:7)
  Pikel (D:8)
  A gargoyle (D:6)
  An ice statue (IceCv)
  A rime drake (IceCv)
  A komodo dragon (Lair:1)
  2 hornets
  5 polar bears (IceCv)
  A troll (D:9)
  Sigmund (D:6)
  A wyvern (D:6)
  13 yaks (IceCv)
  2 vampires (D:8)
  A steam dragon (D:9)
  2 water moccasins
  2 orc warriors
  2 sky beasts (D:6)
  A necrophage (D:5)
  15 wolves (IceCv)
  A phantom (D:4)
  3 centaurs
  2 lemures
  3 kobold brigands
  6 bullfrogs
  A water moccasin zombie (D:6)
  A gnoll sergeant (D:8)
  5 scorpions
  A wyvern zombie (D:7)
  2 water moccasin skeletons (D:5)
  6 killer bees (D:9)
  A howler monkey (D:7)
  2 bullfrog zombies
  A jelly (D:6)
  A centaur skeleton (D:7)
  2 centaur zombies
  2 hounds
  5 orc priests
  A gnoll shaman (D:6)
  2 iguanas
  12 orc wizards
  A scorpion zombie (D:5)
  3 killer bee zombies
  A hound skeleton (D:3)
  A howler monkey zombie (D:9)
  Robin (D:3)
  8 adders
  A howler monkey skeleton (D:4)
  8 gnolls
  A river rat (D:4)
  A shadow imp (D:6)
  A white imp (D:8)
  3 ufetubi
  5 worms
  2 dart slugs
  25 orcs
  17 ball pythons
  3 bats
  11 endoplasms
  11 giant cockroaches
  11 goblins
  12 hobgoblins
  6 jackals (D:3)
  18 kobolds
  10 quokkas
  5 frilled lizards
  3 rats
286 creatures vanquished.

Vanquished Creatures (others)
  A rime drake (IceCv)
  2 polar bears (IceCv)
  A yak (IceCv)
  A human (D:7)
  An orc (D:9)
  A plant (D:8)
7 creatures vanquished.

Grand Total: 293 creatures vanquished

Notes
Turn   | Place    | Note
-------+----------+-------------------------------------------
     0 | D:1      | Vyran the Minotaur Fighter began the quest for the Orb.
     0 | D:1      | Reached XP level 1. HP: 19/19 MP: 0/0
   205 | D:1      | Reached XP level 2. HP: 27/27 MP: 1/1
   357 | D:1      | Reached skill level 4 in Armour
   585 | D:1      | Reached XP level 3. HP: 33/33 MP: 2/2
  1808 | D:2      | Reached XP level 4. HP: 41/41 MP: 3/3
  2350 | D:3      | Noticed Robin
  2371 | D:3      | Killed Robin
  2386 | D:3      | Reached XP level 5. HP: 39/47 MP: 4/4
  2848 | D:3      | Reached skill level 5 in Armour
  3009 | D:4      | Reached skill level 5 in Fighting
  3030 | D:4      | Reached skill level 5 in Shields
  3131 | D:4      | Found a glowing drain.
  3137 | D:4      | Reached XP level 6. HP: 54/56 MP: 5/5
  3144 | Sewer    | Entered a sewer
  4062 | D:4      | Identified the +1 helmet of Gabid {rF+ Will+ Str+2}
  4321 | D:4      | Found Lyzyig's Mass Market.
  4345 | D:4      | Reached skill level 5 in Long Blades
  4345 | D:4      | Reached XP level 7. HP: 53/62 MP: 6/6
  4656 | D:5      | Entered Level 5 of the Dungeon
  4664 | D:4      | Reached skill level 6 in Armour
  5247 | D:5      | Reached XP level 8. HP: 71/71 MP: 7/7
  5466 | D:5      | Noticed a hornet
  5488 | D:5      | Killed a hornet
  5489 | D:5      | Reached skill level 7 in Armour
  5691 | D:5      | Found a staircase to the Ecumenical Temple.
  5714 | Temple   | Entered the Ecumenical Temple
  5881 | Temple   | Became a worshipper of Qazlal Stormbringer
  6149 | D:6      | Reached skill level 1 in Throwing
  6149 | D:6      | Reached skill level 1 in Invocations
  6243 | D:6      | Noticed Sigmund
  6256 | D:6      | Killed Sigmund
  6257 | D:6      | Reached skill level 8 in Armour
  6294 | D:6      | Reached XP level 9. HP: 72/80 MP: 9/9
  6385 | D:6      | Identified the +2 robe of the Poles {Regen+ Str+8 Dex-3}
  6441 | D:6      | Reached * piety under Qazlal
  6496 | D:6      | Noticed a gargoyle
  6507 | D:6      | Killed a gargoyle
  6508 | D:6      | Reached skill level 9 in Armour
  6800 | D:6      | Found a hazy altar of Hepliaklqana.
  6803 | D:6      | Identified the +3 leather armour "Godaurr" {rPois Will+
                  | Dex+4}
  6806 | D:6      | Found a snail-covered altar of Cheibriados.
  7315 | D:7      | Found a white marble altar of Elyvilon.
  7518 | D:7      | Found an ancient bone altar of Kikubaaqudgha.
  7554 | D:7      | Upgraded the game from 0.27.1-4-g1640c2035a to
                  | 0.27.1-15-g792fb953b9
  7796 | D:8      | Noticed a two-headed ogre
  7796 | D:8      | Found Qaulim's Distillery.
  7798 | D:8      | Noticed Pikel
  7811 | D:7      | Killed a two-headed ogre
  7812 | D:7      | Reached skill level 10 in Armour
  7812 | D:7      | Reached XP level 10. HP: 46/90 MP: 11/11
  8063 | D:8      | Killed Pikel
  8200 | D:8      | Bought a potion of mutation for 128 gold pieces
  8297 | D:8      | Reached ** piety under Qazlal
  8322 | D:8      | Found Nyuplud's Antique Armour Emporium.
  8330 | D:8      | Bought a shimmering scale mail for 279 gold pieces
  8330 | D:8      | Identified the +2 scale mail "Ojuriq" {-Cast rCorr SInv
                  | Stlth+} (You bought it in a shop on level 8 of the Dungeon)
  8363 | D:8      | Found a staircase to the Lair.
  8419 | D:8      | Found Ompo's Antique Weapon Emporium.
  8520 | D:8      | Found Soifenn's Antique Weapon Boutique.
  8527 | D:8      | Found Butt's Antique Armour Emporium.
  9111 | D:9      | Reached skill level 10 in Shields
  9771 | D:9      | Reached skill level 5 in Throwing
  9771 | D:9      | Reached skill level 11 in Armour
  9996 | D:9      | Found a hide-covered altar of Uskayaw.
 10223 | D:9      | Found a shimmering blue altar of Sif Muna.
 10372 | Lair:1   | Entered Level 1 of the Lair of Beasts
 10380 | Lair:1   | Reached skill level 5 in Invocations
 10444 | Lair:1   | Found a frozen archway.
 10459 | IceCv    | Entered an ice cave
 10744 | IceCv    | Noticed a death yak
 10746 | IceCv    | Noticed a death yak
 10747 | IceCv    | Noticed a death yak
 10753 | IceCv    | Killed a death yak
 10754 | IceCv    | Reached XP level 11. HP: 99/99 MP: 12/14
 10764 | IceCv    | Killed a death yak
 10764 | IceCv    | Reached *** piety under Qazlal
 10765 | IceCv    | Reached skill level 10 in Fighting
 10774 | IceCv    | Killed a death yak
 10775 | IceCv    | Reached skill level 12 in Armour
 11010 | IceCv    | Reached skill level 10 in Long Blades
 11721 | IceCv    | Reached skill level 13 in Armour
 11746 | IceCv    | Noticed an ironbound frostheart
 11754 | IceCv    | Noticed an ironbound frostheart
 11756 | IceCv    | HP: 1/101 [ironbound frostheart (21)]
 11757 | IceCv    | Killed from afar by an ironbound frostheart

Illustrated notes

Levels and vault maps discovered:
D:1:      minmay_arrival_glassed_features, layout_rooms, serial_park_tiny_1
D:2:      minmay_kobold_bridge, layout_loops_corners
D:3:      layout_basic, uniq_robin
D:4:      layout_basic, gup_sewer_entry_bubbles, minmay_shop_mass,
          grunt_decor_one_mirror
D:5:      layout_rooms, minmay_temple_entry_trees, minmay_manual_mullet
D:6:      minmay_spotlight, layout_rooms, minitemple, kennysheep_flooded_box,
          minmay_strange_pillars, minmay_manual_mail, uniq_sigmund
D:7:      layout_cave_pools, elyvilon_altar_1, tgw_kikubaaqudgha
D:8:      layout_basic, dpeg_oklobed_lair, serial_shops, shop,
          nicolae_shop_crystal, nicolae_stop_n_shop_2, nicolae_shop_statue_plus,
          nicolae_shop_stone, uniq_pikel
D:9:      layout_basic, mainiacjoe_overflow_tiny_flanked,
          general_overflow_altar, hangedman_decor_growths
Temple:   regret_index_temple_waves
Lair:1:   layout_small_grid, portal_ice_cave_entry_ice_simulacra,
          serial_bayou_pond_a
IceCv:    ice_cave_caverns_03

Skill      XL: |  1  2  3  4  5  6  7  8  9 10 11 |
---------------+----------------------------------+-----
Fighting       | 4 5 6 7 8 9 10 | 10.8
Armour         | 4 5 6 8 10 11 13 | 13.0
Shields        | 4 5 6 7 9 11 12 | 12.6
Long Blades    | 3 4 5 7 8 9 10 | 10.3
Throwing       | 2 4 5 |  5.0
Invocations    | 1 3 5 6 |  6.7

Action                   |  1- 3 |  4- 6 |  7- 9 | 10-12 || total
-------------------------+-------+-------+-------+-------++-------
Melee: Long sword        |    95 |   210 |   257 |   360 ||   922
       Headbutt          |    15 |    34 |    61 |    99 ||   209
       Unarmed           |       |       |       |     8 ||     8
Throw: Stone             |       |    13 |       |       ||    13
       Boomerang         |       |       |    56 |    16 ||    72
       Javelin           |       |       |       |     8 ||     8
  Use: Potion            |       |     1 |       |     1 ||     2
       Scroll            |       |       |     5 |     1 ||     6
Armor: Scale mail        |    30 |    98 |   139 |   173 ||   440
Dodge: Dodged            |    22 |    64 |    96 |   101 ||   283
Block: Kite shield       |    32 |   118 |   209 |   310 ||   669
       Rpst.: Long sword |     6 |    17 |    18 |    21 ||    62
